 Dungeon Crawl Stone Soup version 0.27-a0-1147-gb3d8e82157 (webtiles) character file.

Game seed: 13507372204539180259

19425 st0uf the Cruncher (level 12, -16/77 HPs)
             Began as a Gargoyle Gladiator on May 11, 2021.
             Was a High Priest of Okawaru.
             Killed by an exploding wolf (23 damage)
             ... ignited by their inner flame
             ... on level 2 of the Lair of Beasts.
             The game lasted 00:53:49 (16151 turns).

st0uf the Cruncher (Gargoyle Gladiator)            Turns: 16151, Time: 00:53:53

Health: -16/77     AC: 25    Str: 20    XL:     12   Next: 68%
Magic:  0/13       EV: 11    Int:  9    God:    Okawaru [*****.]
Gold:   513        SH:  0    Dex: 14    Spells: 10/11 levels left

rFire    . . .     SeeInvis .   W - +3 quarterstaff (vorpal)
rCold    + . .     Faith    .   (shield currently unavailable)
rNeg     + . .     Spirit   +   F - +3 scale mail {rC+}
rPois    ∞         Reflect  .   c - +0 helmet
rElec    +         Harm     .   j - +0 cloak
rCorr    +         Rampage  .   e - +0 pair of gloves
Will     .....                  (no boots)
Stlth    +.........             y - amulet of guardian spirit
HPRegen  0.22/turn              v - ring of flight
MPRegen  0.13/turn              T - ring of resist corrosion

@: flying
A: sickness immunity, AC +8, negative energy resistance 1, electricity
resistance, torment resistance 1, petrification resistance
a: Renounce Religion, Heroism, Finesse


You were on level 2 of the Lair of Beasts.
You worshipped Okawaru.
Okawaru was extremely pleased with you.
You visited 3 branches of the dungeon, and saw 13 of its levels.

You collected 675 gold pieces.
You spent 162 gold pieces at shops.

Inventory:

Hand Weapons
 A - a +2 spear of flaming
 N - a +1 vampiric glaive
 P - the +2 dire flail of Interdependent Arising {vorpal, Int+5 Stlth+}
   (You bought it in a shop on level 3 of the Dungeon)

   It inflicts extra damage upon your enemies.
   It affects your intelligence (+5).
   It makes you more stealthy.
 W - a +3 vorpal quarterstaff (weapon)
Missiles
 d - 4 throwing nets
 f - a curare-tipped dart
 k - 428 stones
 s - 7 silver boomerangs
 x - 24 boomerangs (quivered)
 O - 3 atropa-tipped darts
 R - 9 poisoned darts
Armour
 c - a +0 helmet (worn)
 e - a +0 pair of gloves (worn)
 j - a +0 cloak (worn)
 B - a +2 buckler
 F - a +3 scale mail of cold resistance (worn)
 U - a +2 robe of positive energy
 V - a +0 troll leather armour
Jewellery
 v - a ring of flight (left hand)
 y - an amulet of guardian spirit (around neck)
 T - a ring of resist corrosion (right hand)
Wands
 G - a wand of flame (36)
 L - a wand of iceblast (22)
 Q - a wand of digging (3)
 S - a wand of paralysis (7)
 X - a wand of polymorph (1)
Scrolls
 a - a scroll of brand weapon {unknown}
 b - 3 scrolls of immolation
 h - 2 scrolls of vulnerability {unknown}
 i - 3 scrolls of torment {unknown}
 m - a scroll of magic mapping {unknown}
 n - a scroll of silence {unknown}
 p - 2 scrolls of amnesia {unknown}
 r - 2 scrolls of fear
 t - 2 scrolls of blinking {unknown}
 w - 2 scrolls of fog {unknown}
 C - 3 scrolls of enchant armour {unknown}
 E - 2 scrolls of noise {unknown}
 H - 2 scrolls of enchant weapon {unknown}
 M - 6 scrolls of teleportation {unknown}
Potions
 g - 3 potions of resistance
 l - 2 potions of ambrosia
 o - 5 potions of curing
 q - 2 potions of mutation {unknown}
 u - 2 potions of lignification {unknown}
 z - 4 potions of haste
 D - a potion of flight {unknown}
 I - 3 potions of might
 J - a potion of attraction {unknown}
 Y - a potion of heal wounds {unknown}
Miscellaneous
 K - a piece from Xom's chessboard (15/15)


   Skills:
 + Level 9.7 Fighting
 + Level 14.1 Staves
 + Level 2.7 Throwing
 * Level 12.1 Armour
 - Level 2.4 Dodging
 + Level 3.1 Stealth
 + Level 2.4 Invocations


You had 10 spell levels left.
You knew the following spells:

 Your Spells              Type           Power      Damage    Failure   Level
a - Sandblast             Erth           0%         2d4       67%         1

Your spell library contained the following spells:

 Spells                   Type           Power      Damage    Failure   Level
 Magic Dart               Conj           0%         1d3       67%         1
 Ensorcelled Hibernation  Hex/Ice        0%         N/A       80%         2
 Passwall                 Tmut/Erth      0%         N/A       80%         2
 Searing Ray              Conj           0%         3d3       80%         2
 Conjure Flame            Conj/Fire      0%         6-21      95%         3
 Dazzling Flash           Conj/Hex       0%         N/A       95%         3
 Stone Arrow              Conj/Erth      0%         3d7       95%         3
 Fulminant Prism          Conj/Hex       0%         3d6       100%        4
 Iskenderun's Mystic Bla  Conj/Tloc      0%         2d3       100%        4
 Leda's Liquefaction      Hex/Erth       0%         N/A       100%        4
 Petrify                  Tmut/Erth      0%         N/A       100%        4
 Lee's Rapid Deconstruct  Erth           0%         3d5*      100%        5
 Starburst                Conj/Fire      0%         8x6d3     100%        6


Dungeon Overview and Level Annotations

Branches:
Dungeon (10/15)            Temple (1/1) D:4            Lair (2/6) D:10
    Orc (0/2) D:9
  Swamp: Lair:2-4    Shoals: Lair:2-4     Snake: Lair:2-4    Spider: Lair:2-4

Altars:
Ashenzari
Cheibriados
Dithmenos
Elyvilon
Fedhas
Gozag
Hepliaklqana
Kikubaaqudgha
Makhleb
Nemelex Xobeh
Okawaru
Qazlal
Ru
Sif Muna
Trog
Uskayaw
Vehumet
Wu Jian
Xom
Yredelemnul
Zin
The Shining One
Beogh

Shops:
D:3 (

Annotations:
Lair:2 2 transporters


Innate Abilities, Weirdness & Mutations

You are immune to sickness and miasma.
Your stone body is resilient. (AC +8)
You are immune to poison.
You resist negative energy. (rN+)
You are resistant to electric shocks. (rElec)
You are resistant to unholy torment.
You are immune to petrification.


Message History

As you read the scroll labelled BYKLEI BULEALA, it crumbles to dust.
You assume a fearsome visage.
The blink frog looks frightened! x3
The wolf looks frightened! x2; The black mamba looks frightened!
The komodo dragon looks frightened!
It was a scroll of fear.
The blink frog blinks! x4
The sentinel's mark upon you fades away.
The blink frog blinks!
The wolf closely misses you. The wolf bites you but does no damage.
The blink frog barely misses you.
The blink frog blinks!
The wolf closely misses you.
You feel like a meek peon again. The wolf barely misses you.
The wolf bites you but does no damage.
The blink frog blinks! x2; The wolf bites you.
* * * LOW HITPOINT WARNING * * *
The blink frog blinks!
The wolf closely misses you.
The blink frog blinks!
The blink frog blinks! x2; The wolf barely misses you.
The blink frog completely misses you. The blink frog misses you.
The wolf bites you.
* * * LOW HITPOINT WARNING * * *
The blink frog hits you but does no damage.
The wolf bites you.
* * * LOW HITPOINT WARNING * * *
As you read the scroll of fear, it crumbles to dust.
You assume a fearsome visage.
The blink frog looks frightened! x2
The wolf looks frightened!
The blink frog blinks! x2
The wolf howls!
The blink frog blinks!
The blink frog blinks!
The wolf barely misses you. The wolf bites you but does no damage.
The wolf closely misses you. The wolf closely misses you.
The wolf closely misses you.
There is a stone staircase leading up here.
You sock the wolf!
Flame seeps out of the wolf. x2
The wolf is almost dead.
The wolf is engulfed in blazing flames.
Okawaru accepts your kill.
The wolf explodes!
The fiery explosion engulfs you!!
You die...

# ############# ##### .##
##..##.....#.##.#.###..##.
...............§@§........
................○)....... ...
.................§.!(....>...
##......###...+......#.##..# .
..#....##..#...##....####..##.
..#...†........##....##.......
..#.....#.......#....##....# ...
..#....##.......#....P.....##....
........#.##.####..........##....


There were no monsters in sight!

Vanquished Creatures
  Harold (D:10)
  2 hydras (Lair:2)
  A centaur warrior (D:9)
  3 black mambas (Lair:2)
  A centaur zombie (D:10)
  4 cane toads
  Psyche (D:9)
  2 komodo dragons
  A troll (D:10)
  A hornet (D:8)
  4 blink frogs (Lair:2)
  A shadow (D:9)
  30 yaks
  A vampire (D:6)
  2 basilisks (Lair:2)
  2 steam dragons
  18 water moccasins
  Duvessa (D:7)
  8 orc warriors
  3 black bears
  2 necrophages (D:6)
  5 ogres
  6 wolves (Lair:2)
  7 centaurs
  2 phantoms (D:4)
  A kobold brigand (D:9)
  10 bullfrogs
  3 scorpions
  A water moccasin skeleton (D:6)
  Dowan (D:7)
  10 wights
  4 howler monkeys
  A bullfrog zombie (D:5)
  2 hounds
  A jelly (D:7)
  8 orc priests
  2 bullfrog skeletons (D:5)
  A centaur skeleton (D:6)
  10 orc wizards
  A scorpion zombie (D:5)
  Natasha (twice) (D:2)
  A killer bee zombie (D:6)
  A hound skeleton (D:5)
  A howler monkey zombie (D:7)
  3 adders
  2 white imps
  An ufetubus (D:4)
  A worm (D:2)
  2 dart slugs
  49 orcs
  7 endoplasms
  3 giant cockroaches
  4 goblins
  4 hobgoblins
  12 jackals
  4 quokkas
  10 ball pythons
  3 bats
  3 frilled lizards (D:1)
  8 kobolds
  2 rats
288 creatures vanquished.

Vanquished Creatures (others)
  An ogre (D:5)
  A scorpion (D:5)
  A gnoll shaman (D:5)
  6 gnolls (D:5)
  A shadow imp (D:7)
  8 fungi (Lair:2)
  29 plants
47 creatures vanquished.

Grand Total: 335 creatures vanquished

Notes
Turn   | Place    | Note
-------+----------+-------------------------------------------
     0 | D:1      | st0uf the Gargoyle Gladiator began the quest for the Orb.
     0 | D:1      | Reached XP level 1. HP: 12/12 MP: 1/1
   622 | D:1      | Found a faded altar of an unknown god.
   661 | D:1      | Reached XP level 2. HP: 17/17 MP: 2/2
   723 | D:1      | Reached skill level 1 in Armour
  1303 | D:2      | Reached XP level 3. HP: 20/22 MP: 3/3
  1323 | D:2      | Noticed an orc warrior
  1627 | D:2      | Noticed Natasha
  1637 | D:2      | Killed Natasha
  1638 | D:2      | Reached skill level 4 in Staves
  1638 | D:2      | Reached XP level 4. HP: 19/27 MP: 4/4
  1643 | D:2      | Noticed Natasha
  1651 | D:2      | Killed Natasha
  2066 | D:2      | Reached XP level 5. HP: 28/32 MP: 5/5
  2318 | D:3      | Noticed a centaur
  2331 | D:3      | Killed a centaur
  2332 | D:3      | Reached skill level 5 in Staves
  2332 | D:3      | Reached XP level 6. HP: 30/37 MP: 6/6
  2391 | D:3      | Found a basalt altar of Yredelemnul.
  2486 | D:3      | Found Funut's Antique Weapon Emporium.
  2671 | D:3      | Identified Hoekojir's Collected Works on Hexes and Heat
  3123 | D:4      | Reached skill level 1 in Stealth
  3655 | D:3      | Reached skill level 6 in Staves
  3787 | D:4      | Reached XP level 7. HP: 28/42 MP: 7/7
  3918 | D:4      | Found a staircase to the Ecumenical Temple.
  3934 | Temple   | Entered the Ecumenical Temple
  4125 | Temple   | Became a worshipper of Warmaster Okawaru
  4452 | D:4      | Found a shimmering blue altar of Sif Muna.
  4758 | D:5      | Entered Level 5 of the Dungeon
  4870 | D:5      | Learned a level 1 spell: Sandblast
  5454 | D:5      | Reached * piety under Okawaru
  5455 | D:5      | Reached skill level 7 in Staves
  5686 | D:4      | Reached XP level 8. HP: 47/48 MP: 8/8
  5697 | D:5      | Found a glowing silver altar of Zin.
  5729 | D:5      | Found a shimmering altar of Xom.
  5779 | D:5      | Reached skill level 5 in Armour
  6261 | D:6      | Noticed a vampire
  6284 | D:6      | Killed a vampire
  6335 | D:6      | Reached ** piety under Okawaru
  6345 | D:6      | Reached skill level 8 in Staves
  6352 | D:6      | Reached skill level 5 in Fighting
  6352 | D:6      | Found a glowing golden altar of the Shining One.
  6456 | D:6      | Reached XP level 9. HP: 50/54 MP: 9/9
  6509 | D:6      | Reached skill level 9 in Staves
  6765 | D:6      | Reached *** piety under Okawaru
  7699 | D:7      | Noticed Dowan
  8085 | D:7      | Killed Dowan
  8110 | D:7      | Noticed Duvessa
  8134 | D:7      | Killed Duvessa
  8135 | D:7      | Reached skill level 10 in Staves
  9041 | D:7      | Reached XP level 10. HP: 53/61 MP: 7/10
  9051 | D:7      | Reached **** piety under Okawaru
 10039 | D:8      | Reached skill level 11 in Staves
 10592 | D:8      | Reached skill level 1 in Invocations
 11039 | D:9      | Noticed a centaur warrior
 11068 | D:9      | Killed a centaur warrior
 11068 | D:9      | Reached ***** piety under Okawaru
 11068 | D:9      | Received a gift from Okawaru
 11069 | D:9      | Reached skill level 10 in Armour
 11069 | D:9      | Reached XP level 11. HP: 37/68 MP: 7/11
 11303 | D:9      | Reached skill level 12 in Staves
 12049 | D:3      | Bought a smoking dire flail for 162 gold pieces
 12049 | D:3      | Identified the +2 dire flail of Interdependent Arising
                  | {vorpal, Int+5 Stlth+} (You bought it in a shop on level 3
                  | of the Dungeon)
 12324 | D:9      | Found a staircase to the Orcish Mines.
 13077 | D:10     | Entered Level 10 of the Dungeon
 13126 | D:10     | Noticed Psyche
 13161 | D:9      | Killed Psyche
 13246 | D:10     | Found a staircase to the Lair.
 13283 | D:10     | Noticed Harold
 13501 | D:10     | Killed Harold
 13501 | D:10     | Received a gift from Okawaru
 13589 | D:10     | Found a radiant altar of Vehumet.
 13778 | D:10     | Reached skill level 13 in Staves
 14390 | Lair:1   | Entered Level 1 of the Lair of Beasts
 14578 | Lair:1   | Reached XP level 12. HP: 71/75 MP: 13/13
 15538 | Lair:2   | Received a gift from Okawaru
 15816 | Lair:2   | Noticed a four-headed hydra
 15827 | Lair:2   | Killed a four-headed hydra
 15970 | Lair:2   | Noticed a seven-headed hydra
 15977 | Lair:2   | Reached skill level 14 in Staves
 15998 | Lair:2   | Killed a seven-headed hydra
 16078 | Lair:2   | Found a transporter.
 16082 | Lair:2   | Found a transporter.
 16082 | Lair:2   | Noticed a boulder beetle
 16082 | Lair:2   | Noticed a boulder beetle
 16151 | Lair:2   | Killed by an exploding wolf... ignited by their inner flame

Illustrated notes

Levels and vault maps discovered:
D:1:      heliophobic_arrival_glass_houses, layout_basic,
          hellmonk_ecumenical_altar_run_dry
D:2:      layout_basic, grunt_ministairs_5, uniq_natasha
D:3:      layout_basic, marbit_many_paths, serial_shops, shop, serial_forest,
          infiniplex_forest_clump_medium, infiniplex_forest_straight_2,
          infiniplex_forest_zigzag_1, infiniplex_forest_straight_4,
          infiniplex_forest_lined_room_2, infiniplex_forest_pool,
          infiniplex_forest_zigzag_1, infiniplex_forest_clump_large,
          kennysheep_pointless_box, ebering_dispersal_statue_hall,
          guppyfry_early_lair_pool
D:4:      layout_rooms, amcnicky_altar_gilded, minmay_temple_entry_proselytizer
D:5:      layout_rooms, xom_confusion_cloud, general_overflow_altar,
          minmay_misc_feat_four_crosses
D:6:      layout_basic, old_standard_altar
D:7:      layout_basic, uniq_duvessa
D:8:      layout_loops_ring, kennysheep_donut
D:9:      layout_stronghold, david_orc_5
D:10:     layout_roguey, nicolae_vehumet_altar_sigil, lair_entry_dummy,
          kennysheep_generic_room_7, uniq_psyche, uniq_harold
Temple:   eino_temple_scatter_basement
Lair:1:   layout_gridlike
Lair:2:   gammafunk_boulding_lane, layout_regular_city,
          minmay_snake_entry_six_corridors, lightli_volcano_entry_magma_tube

Skill      XL: |  1  2  3  4  5  6  7  8  9 10 11 12 |
---------------+-------------------------------------+-----
Armour         | 1 2 3 4 6 8 10 11 12 | 12.1
Staves         | 4 5 6 7 8 10 11 13 14 | 14.1
Fighting       | 3 4 5 6 7 8 9 |  9.7
Stealth        | 1 2 3 |  3.1
Invocations    | 1 2 |  2.4
Throwing       | 2 |  2.7
Dodging        | |  2.4

Action                   |  1- 3 |  4- 6 |  7- 9 | 10-12 || total
-------------------------+-------+-------+-------+-------++-------
Melee: Quarterstaff      |    99 |   151 |   420 |   964 ||  1634
Throw: Throwing net      |       |       |     1 |       ||     1
       Boomerang         |       |       |       |    15 ||    15
Invok: Heroism           |       |       |     3 |     8 ||    11
       Finesse           |       |       |       |     2 ||     2
  Use: Scroll            |       |       |       |     9 ||     9
Armor: Leather armour    |    61 |    76 |       |       ||   137
       Scale mail        |       |     5 |   244 |   457 ||   706
       Skin              |       |       |       |     1 ||     1
Dodge: Dodged            |    64 |   103 |   205 |   375 ||   747

Table legend: (Time is in decaauts)
 A = Elapsed time spent in this place.
 B = Non-inter-level travel time spent in this place.
 C = Inter-level travel time spent in this place.
 D = Time resting spent in this place.
 E = Time spent auto-exploring this place.
 F = Levels seen in this place.
 G = Mean time per level.
                   A        B        C        D        E       F      G
               +--------+--------+--------+--------+--------+-----+--------+
         Total |  15805 |  15179 |    626 |   3423 |   8384 |  13 | 1215.8 |
       Dungeon |  13954 |  13374 |    580 |   3420 |   7095 |  10 | 1395.4 |
        Temple |    213 |    193 |     20 |      0 |    177 |   1 |  213.0 |
          Lair |   1637 |   1611 |     26 |      3 |   1112 |   2 |  818.5 |
               +--------+--------+--------+--------+--------+-----+--------+

Top non-repeatable levels by time:
     D:9: 1919 daAuts
     D:7: 1773 daAuts
     D:8: 1738 daAuts
     D:4: 1649 daAuts
     D:3: 1638 daAuts
     D:6: 1347 daAuts
     D:1: 1259 daAuts
    D:10: 1009 daAuts
  Lair:1: 994 daAuts
     D:2: 818 daAuts
     D:5: 800 daAuts
  Lair:2: 643 daAuts
  Temple: 213 daAuts
